| TOP OF THE 1ST |
|
Bowie Baysox batting - Pitching for Montgomery Biscuits : RHP Steve Barrett
|
|
Pitching: RHP Steve Barrett
|
|
|
Batting: RHB Jeremy Giesler
|
0-0: Ball 1-0: Called Strike 1-1: Foul Ball, location: 2F 1-2: Strikes out swinging
|
|
Batting: RHB Chase Cassidy
|
0-0: SINGLE (Groundball, 34, EV 98.8 MPH)
|
|
Batting: RHB Dermott Neill
|
0-0: Ball 1-0: Called Strike Chase Cassidy steals 2nd base 1-1: Foul Ball, location: 2F 1-2: Ground out U3 (Groundball, 34, EV 78.1 MPH) Chase Cassidy to third
|
|
Batting: SHB Tony Pantaleon
|
0-0: Fly out, F8 (Flyball, 78S, EV 92.5 MPH)
|
| Top of the 1st over - 0 runs, 1 hit, 0 errors, 1 left on base; Bowie 0 - Montgomery 0 |
| BOTTOM OF THE 1ST |
|
Montgomery Biscuits batting - Pitching for Bowie Baysox : RHP Andy Rondeau
|
|
Pitching: RHP Andy Rondeau
|
|
|
Batting: LHB Davion Lewis
|
0-0: Ball 1-0: Called Strike 1-1: Foul Ball, location: 2F 1-2: Foul Ball, location: 2F 1-2: Foul Ball, location: 2F 1-2: Foul Ball, location: 2F 1-2: Ball 2-2: Fly out, F6 (Popup, 6M, EV 63.8 MPH)
|
|
Batting: RHB Steve French
|
0-0: Foul Ball, location: 2F 0-1: Ball 1-1: Ball 2-1: Ball 3-1: Swinging Strike 3-2: Foul Ball, location: 2F 3-2: Foul Ball, location: 2F 3-2: Foul Ball, location: 2F 3-2: Foul Ball, location: 2F 3-2: Fly out, F8 (Flyball, 8LD, EV 88.1 MPH)
|
|
Batting: LHB David Seminario
|
0-0: Called Strike 0-1: Ball 1-1: Fly out, F8 (Flyball, 8LXD, EV 93.1 MPH)
|
| Bottom of the 1st over - 0 runs, 0 hits, 0 errors, 0 left on base; Bowie 0 - Montgomery 0 |
| TOP OF THE 2ND |
|
Bowie Baysox batting - Pitching for Montgomery Biscuits : RHP Steve Barrett
|
|
Batting: RHB Danny Merrill
|
0-0: Ball 1-0: Called Strike 1-1: Swinging Strike 1-2: Strikes out swinging
|
|
Batting: RHB Vince Jackson
|
0-0: Swinging Strike 0-1: Foul Ball, location: 2F 0-2: Ball 1-2: Ball 2-2: Foul Ball, location: 2F 2-2: Ball 3-2: Ground out 6-3 (Groundball, 6, EV 93.8 MPH)
|
|
Batting: LHB Momoru Yasui
|
0-0: Ball 1-0: Ball 2-0: Swinging Strike 2-1: Called Strike 2-2: Foul Ball, location: 2F 2-2: Ground out 4-3 (Groundball, 4, EV 81.3 MPH)
|
| Top of the 2nd over - 0 runs, 0 hits, 0 errors, 0 left on base; Bowie 0 - Montgomery 0 |
| BOTTOM OF THE 2ND |
|
Montgomery Biscuits batting - Pitching for Bowie Baysox : RHP Andy Rondeau
|
|
Batting: SHB Brett McEwen
|
0-0: Ball 1-0: Called Strike 1-1: Ball 2-1: Called Strike 2-2: Foul Ball, location: 2F 2-2: Ball 3-2: Base on Balls
|
|
Batting: SHB Willie Koviak
|
0-0: Foul Ball, location: 2F 0-1: Foul Ball, location: 2F 0-2: Strikes out swinging
|
|
Batting: LHB Barnabé Metrass
|
0-0: Called Strike 0-1: Ball 1-1: Ball 2-1: Ball 3-1: Called Strike 3-2: Base on Balls Brett McEwen to second
|
|
Batting: RHB Sczlopy Hed
|
0-0: Ball 1-0: Swinging Strike 1-1: Ball 2-1: Ball 3-1: Called Strike 3-2: Grounds into double play, 5-4-3 (Groundball, 56, EV 109.4 MPH)
|
| Bottom of the 2nd over - 0 runs, 0 hits, 0 errors, 1 left on base; Bowie 0 - Montgomery 0 |
| TOP OF THE 3RD |
|
Bowie Baysox batting - Pitching for Montgomery Biscuits : RHP Steve Barrett
|
|
Batting: RHB Longfellow Wetzler
|
0-0: Ball 1-0: Ground out 6-3 (Groundball, 6, EV 86.3 MPH)
|
|
Batting: SHB Eric Tiehen
|
0-0: Ball 1-0: Foul Ball, location: 5F, Error on foul ball, E5 1-1: Ball 2-1: Ball 3-1: Base on Balls
|
|
Batting: RHB Jeremy Giesler
|
0-0: Called Strike 0-1: Ball 1-1: Swinging Strike 1-2: Ball 2-2: Ball 3-2: Strikes out swinging
|
|
Batting: RHB Chase Cassidy
|
0-0: Called Strike 0-1: Ball 1-1: Ball 2-1: Ball 3-1: Base on Balls Eric Tiehen to second
|
|
Batting: RHB Dermott Neill
|
0-0: Swinging Strike 0-1: Called Strike 0-2: Foul Ball, location: 2F 0-2: Ball 1-2: Ball 2-2: Foul Ball, location: 2F 2-2: Ball 3-2: Foul Ball, location: 2F 3-2: Base on Balls Eric Tiehen to third Chase Cassidy to second
|
|
Batting: SHB Tony Pantaleon
|
0-0: Called Strike 0-1: Ball 1-1: Ball 2-1: Foul Ball, location: 2F 2-2: Ground out 3-1 (Groundball, 34S, EV 81.9 MPH)
|
| Top of the 3rd over - 0 runs, 0 hits, 1 error, 3 left on base; Bowie 0 - Montgomery 0 |
| BOTTOM OF THE 3RD |
|
Montgomery Biscuits batting - Pitching for Bowie Baysox : RHP Andy Rondeau
|
|
Batting: RHB Devin Brown
|
0-0: Ball 1-0: Foul Ball, location: 2F 1-1: Ball 2-1: Foul Ball, location: 2F 2-2: SINGLE (Groundball, 56D, EV 97.5 MPH)
|
|
Batting: LHB Jeremy Burton
|
0-0: Foul Ball, location: 2F 0-1: Foul Ball, location: 2F 0-2: Foul Ball, location: 2F 0-2: Ball 1-2: Ball 2-2: Foul Ball, location: 2F 2-2: Reached on error, E4 (Groundball, 4, EV 88.1 MPH) Devin Brown to second
|
|
Batting: LHB Davion Lewis
|
0-0: Ball 1-0: Foul Ball, location: 2F 1-1: Ball 2-1: Called Strike 2-2: Ball 3-2: Base on Balls Devin Brown to third Jeremy Burton to second
|
|
Batting: RHB Steve French
|
0-0: Ball 1-0: Called Strike 1-1: Swinging Strike 1-2: Ball 2-2: Strikes out swinging
|
|
Batting: LHB David Seminario
|
0-0: Ball 1-0: Foul Ball, location: 2F 1-1: Swinging Strike 1-2: Ball 2-2: Strikes out swinging
|
|
Batting: SHB Brett McEwen
|
0-0: Ground out U3 (Groundball, 3, EV 101.3 MPH)
|
| Bottom of the 3rd over - 0 runs, 1 hit, 1 error, 3 left on base; Bowie 0 - Montgomery 0 |
| TOP OF THE 4TH |
|
Bowie Baysox batting - Pitching for Montgomery Biscuits : RHP Steve Barrett
|
|
Batting: RHB Danny Merrill
|
0-0: Called Strike 0-1: Called Strike 0-2: Ball 1-2: Strikes out swinging
|
|
Batting: RHB Vince Jackson
|
0-0: Ball 1-0: Swinging Strike 1-1: Ball 2-1: Foul Ball, location: 2F 2-2: Fly out, F8 (Flyball, 8RS, EV 77.5 MPH)
|
|
Batting: LHB Momoru Yasui
|
0-0: Swinging Strike 0-1: Ball 1-1: Ball 2-1: Foul Ball, location: 2F 2-2: Fly out, F5 (Popup, 6S, EV 71.3 MPH)
|
| Top of the 4th over - 0 runs, 0 hits, 0 errors, 0 left on base; Bowie 0 - Montgomery 0 |
| BOTTOM OF THE 4TH |
|
Montgomery Biscuits batting - Pitching for Bowie Baysox : RHP Andy Rondeau
|
|
Batting: SHB Willie Koviak
|
0-0: Ball 1-0: SINGLE (Groundball, 34D, EV 103.8 MPH)
|
|
Batting: LHB Barnabé Metrass
|
0-0: Ball 1-0: Called Strike 1-1: Ball 2-1: Swinging Strike 2-2: SINGLE (Line Drive, 7S, EV 108.1 MPH) Willie Koviak to second
|
|
Batting: RHB Sczlopy Hed
|
0-0: Foul Ball, location: 2F 0-1: Ball 1-1: Ball 2-1: Fly out, F3 (Popup, 3SF, EV 76.9 MPH)
|
|
Batting: RHB Devin Brown
|
0-0: Called Strike 0-1: Ball 1-1: Foul Ball, location: 2F 1-2: Grounds into double play, 6-4-3 (Groundball, 6, EV 88.1 MPH)
|
| Bottom of the 4th over - 0 runs, 2 hits, 0 errors, 1 left on base; Bowie 0 - Montgomery 0 |
| TOP OF THE 5TH |
|
Bowie Baysox batting - Pitching for Montgomery Biscuits : RHP Steve Barrett
|
|
Batting: RHB Longfellow Wetzler
|
0-0: Called Strike 0-1: Called Strike 0-2: Ground out U3 (Groundball, 3L, EV 105.0 MPH)
|
|
Batting: SHB Eric Tiehen
|
0-0: Ball 1-0: Foul Ball, location: 2F 1-1: Bunt for hit to 2L - play at first, batter OUT! 2-3
|
|
Batting: RHB Jeremy Giesler
|
0-0: Ball 1-0: Called Strike 1-1: Swinging Strike 1-2: Foul Ball, location: 2F 1-2: Foul Ball, location: 2F 1-2: Foul Ball, location: 2F 1-2: Ball 2-2: Strikes out swinging
|
| Top of the 5th over - 0 runs, 0 hits, 0 errors, 0 left on base; Bowie 0 - Montgomery 0 |
| BOTTOM OF THE 5TH |
|
Montgomery Biscuits batting - Pitching for Bowie Baysox : RHP Andy Rondeau
|
|
Batting: LHB Jeremy Burton
|
0-0: Swinging Strike 0-1: Ball 1-1: Ball 2-1: Ball 3-1: Foul Ball, location: 2F 3-2: Reached via error on a dropped throw from P, E3 (Groundball, 13, EV 65.6 MPH)
|
|
Pitching: RHP Påske Olmqvist
|
|
|
Batting: LHB Davion Lewis
|
0-0: Called Strike 0-1: Ball 1-1: Fly out, F8 (Line Drive, 8LM, EV 91.9 MPH)
|
|
Batting: RHB Steve French
|
0-0: Ball 1-0: Foul Ball, location: 2F 1-1: Ball Jeremy Burton steals 2nd base 2-1: Swinging Strike 2-2: Strikes out looking
|
|
Batting: LHB David Seminario
|
0-0: Ground out 6-3 (Groundball, 6, EV 105.6 MPH)
|
| Bottom of the 5th over - 0 runs, 0 hits, 1 error, 1 left on base; Bowie 0 - Montgomery 0 |
| TOP OF THE 6TH |
|
Bowie Baysox batting - Pitching for Montgomery Biscuits : RHP Steve Barrett
|
|
Batting: RHB Chase Cassidy
|
0-0: Called Strike 0-1: Called Strike 0-2: Strikes out swinging
|
|
Batting: RHB Dermott Neill
|
0-0: Ball 1-0: Ball 2-0: Ball 3-0: Called Strike 3-1: Called Strike 3-2: Strikes out swinging
|
|
Batting: SHB Tony Pantaleon
|
0-0: Called Strike 0-1: Fly out, F8 (Line Drive, 8RM, EV 89.4 MPH)
|
| Top of the 6th over - 0 runs, 0 hits, 0 errors, 0 left on base; Bowie 0 - Montgomery 0 |
| BOTTOM OF THE 6TH |
|
Montgomery Biscuits batting - Pitching for Bowie Baysox : RHP Påske Olmqvist
|
|
Batting: SHB Brett McEwen
|
0-0: Called Strike 0-1: Ball 1-1: Ground out 5-3 (Groundball, 15, EV 87.5 MPH)
|
|
Batting: SHB Willie Koviak
|
0-0: Ball 1-0: Called Strike 1-1: Ground out 6-3 (Groundball, 56D, EV 82.5 MPH)
|
|
Batting: LHB Barnabé Metrass
|
0-0: Called Strike 0-1: Foul Ball, location: 2F 0-2: Strikes out swinging
|
| Bottom of the 6th over - 0 runs, 0 hits, 0 errors, 0 left on base; Bowie 0 - Montgomery 0 |
| TOP OF THE 7TH |
|
Bowie Baysox batting - Pitching for Montgomery Biscuits : RHP Steve Barrett
|
|
Batting: RHB Danny Merrill
|
0-0: Called Strike 0-1: Ball 1-1: Foul Ball, location: 2F 1-2: Strikes out swinging
|
|
Batting: RHB Vince Jackson
|
0-0: Ground out 5-3 (Groundball, 56, EV 88.8 MPH)
|
|
Batting: LHB Momoru Yasui
|
0-0: Called Strike 0-1: Ball 1-1: Ball 2-1: Ball 3-1: Base on Balls
|
|
Batting: RHB Longfellow Wetzler
|
0-0: Ball 1-0: Swinging Strike 1-1: Foul Ball, location: 2F 1-2: Strikes out looking
|
| Top of the 7th over - 0 runs, 0 hits, 0 errors, 1 left on base; Bowie 0 - Montgomery 0 |
| BOTTOM OF THE 7TH |
|
Montgomery Biscuits batting - Pitching for Bowie Baysox : RHP Påske Olmqvist
|
|
Batting: RHB Sczlopy Hed
|
0-0: Ball 1-0: Foul Ball, location: 2F 1-1: Ball 2-1: SINGLE (Groundball, 34D, EV 105.0 MPH)
|
|
Batting: RHB Devin Brown
|
0-0: Foul Ball, location: 2F 0-1: Ball 1-1: Ball 2-1: Ball 3-1: Fielders Choice at 2nd, 3-6 (Groundball, 34S, EV 84.4 MPH)
|
|
Batting: LHB Jeremy Burton
|
0-0: Ball 1-0: Called Strike 1-1: Ball 2-1: Ball Wild Pitch! Devin Brown to second 3-1: Foul Ball, location: 2F 3-2: Strikes out swinging
|
|
Batting: LHB Davion Lewis
|
0-0: Foul Ball, location: 2F 0-1: Foul Ball, location: 2F 0-2: Ball 1-2: Fly out, F6 (Popup, 6D, EV 53.1 MPH)
|
| Bottom of the 7th over - 0 runs, 1 hit, 0 errors, 1 left on base; Bowie 0 - Montgomery 0 |
| TOP OF THE 8TH |
|
Bowie Baysox batting - Pitching for Montgomery Biscuits : RHP Steve Barrett
|
|
Pitching: RHP Josh Heath
|
|
|
Batting: SHB Eric Tiehen
|
0-0: Ball 1-0: SOLO HOME RUN (Flyball, 9LD, EV 95.6 MPH), Distance : 356 ft
|
|
Batting: RHB Jeremy Giesler
|
0-0: Foul Ball, location: 2F 0-1: Foul Ball, location: 2F 0-2: Strikes out swinging
|
|
Batting: RHB Chase Cassidy
|
0-0: Called Strike 0-1: Ball 1-1: Called Strike 1-2: Strikes out swinging
|
|
Batting: RHB Dermott Neill
|
0-0: Called Strike 0-1: Foul Ball, location: 2F 0-2: Foul Ball, location: 2F 0-2: Ball 1-2: Strikes out swinging
|
| Top of the 8th over - 1 run, 1 hit, 0 errors, 0 left on base; Bowie 1 - Montgomery 0 |
| BOTTOM OF THE 8TH |
|
Montgomery Biscuits batting - Pitching for Bowie Baysox : RHP Påske Olmqvist
|
|
Pitching: RHP Elliot Monroe
|
|
|
Batting: RHB Steve French
|
0-0: Called Strike 0-1: Ball 1-1: Foul Ball, location: 2F 1-2: Ball 2-2: Ball 3-2: Base on Balls
|
|
Batting: LHB David Seminario
|
0-0: Ball 1-0: Ball 2-0: Fly out, F8 (Line Drive, 8LD, EV 100.0 MPH)
|
|
Batting: SHB Brett McEwen
|
0-0: Ball 1-0: Foul Ball, location: 2F 1-1: Ball 2-1: Foul Ball, location: 2F 2-2: Ball 3-2: Base on Balls Steve French to second
|
|
Batting: SHB Willie Koviak
|
0-0: Ball 1-0: Ball 2-0: Grounds into double play, 6-4-3 (Groundball, 56, EV 106.3 MPH)
|
| Bottom of the 8th over - 0 runs, 0 hits, 0 errors, 1 left on base; Bowie 1 - Montgomery 0 |
| TOP OF THE 9TH |
|
Bowie Baysox batting - Pitching for Montgomery Biscuits : RHP Josh Heath
|
|
Batting: SHB Tony Pantaleon
|
0-0: Ball 1-0: Ball 2-0: Ball 3-0: Called Strike 3-1: Called Strike 3-2: Strikes out swinging
|
|
Batting: RHB Danny Merrill
|
0-0: Foul Ball, location: 2F 0-1: Ball 1-1: Swinging Strike 1-2: Strikes out swinging
|
|
Batting: RHB Vince Jackson
|
0-0: Foul Ball, location: 2F 0-1: Ball 1-1: Called Strike 1-2: Strikes out swinging
|
| Top of the 9th over - 0 runs, 0 hits, 0 errors, 0 left on base; Bowie 1 - Montgomery 0 |
| BOTTOM OF THE 9TH |
|
Montgomery Biscuits batting - Pitching for Bowie Baysox : RHP Elliot Monroe
|
|
Pitching: RHP Alfredo Leiva
|
|
|
Now at 1B: Pat Shaddock
|
|
|
Now at 3B: Tony Logan
|
|
|
Batting: LHB Barnabé Metrass
|
0-0: Ball 1-0: Ball 2-0: Ball 3-0: Base on Balls
|
|
Pinch Runner at 1st Wing-kit Bu:
|
|
|
Batting: RHB Sczlopy Hed
|
0-0: Ball 1-0: Bunted foul 1-1: Ball 2-1: Sac Bunt to 15S - play at first, batter OUT! 1-4 Wing-kit Bu to second
|
|
Batting: RHB Devin Brown
|
0-0: Called Strike 0-1: Ball 1-1: Called Strike 1-2: Ball 2-2: Strikes out swinging
|
|
Batting: LHB Jeremy Burton
|
0-0: Ground out 5-3 (Groundball, 56, EV 83.1 MPH)
|
| Bottom of the 9th over - 0 runs, 0 hits, 0 errors, 1 left on base; Bowie 1 - Montgomery 0 |
|